Map: Odyssey LE

Players

NightEnD - Winner!

  • Race: Protoss Protoss
  • Spawn Location: 5:00

SpaceDucK

  • Race: Protoss Protoss
  • Spawn Location: 11:00

Event: WCS Jonkoping 2017

VOD

Have the link to the VOD?

Description

Time

  • Played on: June 17, 2017, 10:51 a.m.
  • Length: 4:30

All games in this series

Show
View Real Time Build Order
Export as new Build Order

NightEnD Protoss - Winner!

Build Orders:  

Get SALT Encoding   

  12  0:01  Probe (Chrono Boost)  
  13  0:11  Probe (Chrono Boost)  
  14  0:18  Pylon  
  14  0:23  Probe (Chrono Boost)  
  15  0:36  Probe (Chrono Boost)  
  15  0:37  Gateway  
  16  0:46  Probe (Chrono Boost)  
  16  0:47  Assimilator  
  17  0:57  Probe (Chrono Boost)  
  17  1:02  Pylon  
  18  1:08  Probe (Chrono Boost)  
  20  1:18  Probe (Chrono Boost)  
  20  1:25  Cybernetics Core  
  20  1:30  Gateway  
  20  1:35  Gateway  
  20  1:41  Probe (Chrono Boost)  
  20  1:45  Assimilator  
  21  1:52  Probe (Chrono Boost)  
  22  2:02  Probe (Chrono Boost)  
  22  2:06  Stalker, Warp Gate (Chrono Boost)  
  25  2:21  Stalker  
  27  2:23  Stalker  
  29  2:33  Pylon  
  29  2:37  Stalker  
  31  2:51  Stalker  
  31  2:53  Stalker  
  31  2:58  Pylon  
  35  3:07  Stalker  
  37  3:21  Stalker  
  37  3:24  Stalker  
  37  4:11  Stalker x3  
  43  4:19  Pylon  
Show
View Real Time Build Order
Export as new Build Order

SpaceDucK Protoss 

Build Orders: Oracle Opening 

Get SALT Encoding   

  12  0:01  Probe (Chrono Boost)  
  13  0:11  Probe (Chrono Boost)  
  14  0:18  Pylon  
  14  0:22  Probe (Chrono Boost)  
  15  0:36  Probe (Chrono Boost)  
  15  0:38  Gateway  
  16  0:46  Probe (Chrono Boost)  
  16  0:49  Assimilator  
  17  0:57  Probe (Chrono Boost), Assimilator  
  18  1:08  Pylon  
  18  1:09  Probe (Chrono Boost)  
  19  1:20  Probe (Chrono Boost)  
  19  1:25  Cybernetics Core  
  20  1:30  Probe (Chrono Boost)  
  23  1:42  Probe (Chrono Boost)  
  22  1:53  Probe (Chrono Boost)  
  23  2:02  Pylon  
  23  2:26  Stargate  
  23  2:34  Mothership Core  
  23  2:36  Stalker  
  27  2:56  Probe  
  27  2:57  Nexus  
  28  3:06  Stalker  
  28  3:08  Probe  
  28  3:10  Oracle (Chrono Boost)  
  34  3:35  Gateway  
Tags
 
Add a new tag
Caveats
  • Supply blocks, unpowered buildings, or Contaminate may cause inaccurate times.
  • Supply counts are checked every 10 seconds.